 Dungeon Crawl Stone Soup version 0.31.0-11-ge490571c62 (webtiles) character file.

Game seed: 4161033705637660173

224842 LobsterGuardian the Lord of Darkness (level 18, 0/130 HPs)
             Began as a Demonspawn Necromancer on Jan 25, 2024.
             Was the Champion of Kikubaaqudgha.
             Constricted to death by a nagaraja (2 damage)
             ... on level 4 of the Snake Pit on Jan 28, 2024.
             The game lasted 03:10:18 (39137 turns).

LobsterGuardian the Lord of Darkness (DsNe)        Turns: 39137, Time: 03:10:19

Health: 0/130      AC: 20    Str:  5    XL:     18   Next: 60%
Magic:  2/41       EV: 10    Int: 25    God:    Kikubaaqudgha [******]
Gold:   2487       SH: 20    Dex: 16    Spells: 7/38 levels left

rFire   . . .        d - +6 quick blade "Kixui" {freeze, rElec MP+9 Str-5 Stlth+}
rCold   + . .        s - +3 buckler {AC+3}
rNeg    + . .        E - +2 ring mail of the Trees {rC+ Regen+ SInv}
rPois   .            (helmet restricted)
rElec   +            (cloak unavailable)
rCorr   .            (no gloves)
SInv    +            t - +1 pair of boots {rampage}
Will    ++...        M - amulet of magic regeneration
Stlth   +++          I - ring "Vest" {^Drain rN+ Will+ Int+5}
HPRegen 1.21/turn    Q - ring of wizardry
MPRegen 0.67/turn

%: rampage, wizardry (x1)
@: lethally poisoned (0 -> -12), fugue, animating dead (expiring), constricted,
studying Invocations
A: thin metallic scales 3, foul stench 3, icemail 1, condensation shield,
bedeviling, weakness stinger 3, hooves 1, horns 1, large bone plates 2
}: 1/15 runes: barnacled
a: Renounce Religion, Unearth Wretches, Torment


You were on level 4 of the Snake Pit.
You worshipped Kikubaaqudgha.
Kikubaaqudgha was exalted by your worship.
You visited 6 branches of the dungeon, and saw 31 of its levels.

You collected 2793 gold pieces.
You spent 306 gold pieces at shops.

Inventory:

Hand Weapons
 d - the +6 quick blade "Kixui" (weapon) {freeze, rElec MP+9 Str-5 Stlth+}
   (You acquired it on level 5 of the Dungeon)

   Str-5:     It affects your strength (-5).
   rElec:     It insulates you from electricity.
   MP+9:      It affects your magic capacity (+9).
   Stlth+:    It makes you more stealthy.
Missiles
 k - 4 throwing nets
Armour
 s - a +3 buckler of protection (worn)
 t - a +1 pair of boots of rampaging (worn)
 E - the +2 ring mail of the Trees (worn) {rC+ Regen+ SInv}
   (You bought it in a shop on level 7 of the Dungeon)

   rC+:       It protects you from cold.
   SInv:      It lets you see invisible.
   Regen+:    It increases your rate of health regeneration.
 P - the +2 robe "Naasih" {rN+ Int+3}
   (You found it on level 12 of the Dungeon)

   Int+3:     It affects your intelligence (+3).
   rN+:       It protects you from negative energy.
Jewellery
 e - a ring of see invisible
 x - a +4 ring of slaying
 D - a ring of ice
 I - the ring "Vest" (left hand) {^Drain rN+ Will+ Int+5}
   (You found it on level 15 of the Dungeon)

   [ring of positive energy]

   Int+5:     It affects your intelligence (+5).
   rN+:       It protects you from negative energy.
   Will+:     It increases your willpower.
   ^Drain:    It drains your maximum health when unequipped.
 M - an amulet of magic regeneration (around neck)
 Q - a ring of wizardry (right hand)
 W - a ring of resist corrosion
 X - a ring of protection from cold
 Z - a ring of positive energy
Wands
 n - a wand of iceblast (24)
 v - a wand of polymorph (53)
 y - a wand of paralysis (31)
 F - a wand of digging (6)
 J - a wand of quicksilver (7)
 K - a wand of flame (38)
Scrolls
 a - a scroll of silence
 c - a scroll of brand weapon
 f - 7 scrolls of teleportation
 h - 2 scrolls of enchant armour
 i - 4 scrolls of torment
 j - 4 scrolls of revelation
 u - a scroll of enchant weapon
 w - 2 scrolls of immolation
 z - 10 scrolls of poison
 H - 6 scrolls of amnesia
 O - 11 scrolls of identify
 T - 2 scrolls of butterflies
 U - 3 scrolls of vulnerability
Potions
 b - a potion of magic
 g - 6 potions of invisibility
 l - 5 potions of haste
 o - 6 potions of lignification
 p - 5 potions of brilliance
 q - 3 potions of mutation
 A - 5 potions of enlightenment
 G - 5 potions of cancellation
 R - 3 potions of might
 S - 3 potions of berserk rage
Miscellaneous
 m - a lightning rod (4/4)
 B - a phial of floods
 C - a phantom mirror


   Skills:
 * Level 8.4 Fighting
 - Level 14.0 Short Blades
 + Level 0.3 Armour
 + Level 13.8 Dodging
 - Level 5.0 Stealth
 + Level 10.3 Shields
 + Level 10.9 Spellcasting
 + Level 3.1 Summonings
 + Level 23.7 Necromancy
 + Level 4.3 Earth Magic


You had 7 spell levels left.
You knew the following spells:

 Your Spells              Type           Power      Damage    Failure   Level
a - Necrotise             Necr           100%       1d9       0%          1
b - Vampiric Draining     Necr           93%        2d12      0%          3
c - Animate Dead          Necr           93%        N/A       0%          4
d - Martyr's Knell        Necr/Summ      69%        N/A       1%          4
e - Fugue of the Fallen   Necr           93%        N/A       0%          3
f - Curse of Agony        Necr           93%        N/A       1%          5
g - Cigotuvi's Dreadful   Necr/Alch/Air  100%       N/A       1%          2
h - Dispel Undead         Necr           93%        3d29      0%          4
i - Borgnjor's Vile Clut  Necr/Erth      35%        N/A       1%          5

Your spell library contained the following spells:

 Spells                   Type           Power      Damage    Failure   Level
 Sublimation of Blood     Necr           93%        N/A       0%          2
 Anguish                  Hex/Necr       41%        N/A       1%          4
 Sting                    Conj/Alch      52%        1d6       12%         1
 Magic Dart               Conj           52%        1d5       13%         1
 Mercury Vapours          Alch/Air       26%        N/A       19%         2
 Momentum Strike          Conj/Tloc      26%        3d8       19%         2
 Searing Ray              Conj           26%        2d5       19%         2
 Dazzling Flash           Conj/Hex       40%        N/A       34%         3
 Frozen Ramparts          Ice            26%        1d4       34%         3
 Inner Flame              Hex/Fire       20%        N/A       34%         3
 Mephitic Cloud           Conj/Alch/Air  13%        N/A       34%         3
 Ozocubu's Armour         Ice            13%        N/A       34%         3
 Tukima's Dance           Hex            20%        N/A       34%         3
 Volatile Blastmotes      Fire/Tloc      26%        2d12      34%         3
 Haunt                    Necr/Summ      34%        N/A       38%         7
 Leda's Liquefaction      Alch/Erth      12%        N/A       45%         4
 Petrify                  Alch/Erth      24%        N/A       45%         4
 Lee's Rapid Deconstruct  Erth           17%        3d11*     50%         5
 Fulminant Prism          Conj/Alch      6%         3d7       73%         4
 Ignite Poison            Fire/Alch      13%        N/A       73%         4
 Olgreb's Toxic Radiance  Alch           13%        N/A       73%         4
 Sticky Flame             Fire/Alch      13%        2d5       73%         4
 Cause Fear               Hex            10%        N/A       75%         4
 Dimensional Bullseye     Hex/Tloc       10%        N/A       75%         4
 Flame Wave               Conj/Fire      13%        2d6       75%         4
 Iskenderun's Mystic Bla  Conj/Tloc      13%        2d5       75%         4
 Manifold Assault         Tloc           13%        N/A       75%         4
 Iskenderun's Battlesphe  Conj           13%        2d7       96%         5
 Metabolic Englaciation   Hex/Ice        10%        N/A       96%         5
 Silence                  Hex/Air        10%        N/A       96%         5
 Bombard                  Conj/Erth      12%        9d3       100%        6
 Enfeeble                 Hex            10%        N/A       100%        7
 Spellforged Servitor     Conj/Summ      10%        N/A       100%        7
 Borgnjor's Revivificati  Necr           46%        N/A       4%          8
 Infestation              Necr           46%        N/A       4%          8
 Death's Door             Necr           46%        N/A       56%         9
 Ignition                 Fire           6%         3d4       100%        8


Dungeon Overview and Level Annotations

Branches:
Dungeon (15/15)            Temple (1/1) D:6            Lair (5/5) D:9
 Shoals (4/4) Lair:2        Snake (4/4) Lair:2        Slime (0/5) Lair:4
    Orc (2/2) D:10            Elf (0/3) Orc:2        Vaults (0/5) D:14
 Depths (0/4) D:15

Altars:
Ashenzari
Cheibriados
Dithmenos
Fedhas
Gozag
Hepliaklqana
Kikubaaqudgha
Makhleb
Nemelex Xobeh
Okawaru
Qazlal
Ru
Sif Muna
Trog
Uskayaw
Vehumet
Wu Jian
Xom
Yredelemnul
Jiyva
Lugonu

Shops:
D:4 *   D:5 *   D:7 [   D:8 ?   D:11 *   D:12 !   D:13 (   Orc:2 =[(:
Snake:1 *

Portals:
Abyss: Lair:5

Annotations:
D:7 2 runed translucent doors
D:12 3 runed translucent doors, BobJudy's ghost, journeyman MiMo
D:15 2 transporters
Lair:2 exclusion: oklob plant
Shoals:3 1 runed translucent door, case's ghost, adept MiBe


Innate Abilities, Weirdness & Mutations

You are completely covered in thin metallic scales. (AC +4, rElec)
You frequently emit foul miasma when damaged in melee.
A meltable icy envelope protects you from harm. (AC +4)
A meltable shield of frost defends you. (SH +4)
Your hexes are more powerful.
You have a sharp stinger which inflicts weakening toxins.
You have large cloven feet.
You have a pair of small horns on your head.
You are mostly covered in large bone plates. (SH +6)


Message History

The nagaraja is almost dead.
The nagaraja casts a spell at you. The poison arrow hits you!!!
You are poisoned.
* * * LOW HITPOINT WARNING * * *
The nagaraja constricts you.
* * * LOW HITPOINT WARNING * * *
Your mana viper zombie bites the nagaraja but does no damage.
Unknown command.
You feel better.
The nagaraja misses your mana viper zombie.
The nagaraja constricts you.
* * * LOW HITPOINT WARNING * * *
Your mana viper zombie barely misses the nagaraja.
The nagaraja hits your mana viper zombie with a +0 halberd of pain!
The nagaraja constricts you.
* * * LOW HITPOINT WARNING * * *
You feel better.
Your mana viper zombie completely misses the nagaraja.
The nagaraja gestures at your mana viper zombie while chanting.
Your mana viper zombie barely resists.
The nagaraja constricts you.
* * * LOW HITPOINT WARNING * * *
Your mana viper zombie bites the nagaraja but does no damage.
Unknown command.
Casting: Vampiric Draining (safe; 0% risk of failure)
Confirm with . or Enter, or press ? or * to list all spells.
Aiming: Vampiric Draining (safe; 0% risk of failure)
Press: ? - help, Shift-Dir - straight line, f/p - nagaraja
Aim: a nagaraja, wielding a +0 halberd of pain and wearing a +1 robe of cold resistance (almost dead, constricting you, fast, not watching you, covered in terrible wounds, ally target)
You draw life force from the nagaraja!
You feel life coursing into your body!
The wailing of tortured souls fills the air!
The nagaraja spits poison at you. The splash of poison hits you!!
You are poisoned.
* * * LOW HITPOINT WARNING * * *
The nagaraja constricts you. You block the nagaraja's attack.
The nagaraja constricts you.
You die...
Kikubaaqudgha rasps: "You have failed me!
Welcome... death!"

## .## ###..
#.......... #....
##.......... #....
#........$..
...##...........
#NZ##..........
####@ZZ..........
##..ZWZ.#.........
##....Z..##<.......
#................#.
##........##.......
#.........#.##+#+#
#.........#.#
#....)...##..
#........## ##


You could see a nagaraja (fast, catching breath, flayed, ally target), a
friendly flayed ghost (summoned), a friendly anaconda zombie, a friendly naga
mage zombie, 3 friendly mana viper zombies and a friendly naga ritualist zombie.

Vanquished Creatures
  Jorgrun (D:14)
  Ilsuiw (Shoals:2)
  2 fire giants (D:15)
  An orc warlord (Orc:2)
  A stone giant (D:15)
  A vampire knight (D:13)
  2 ettins (D:15)
  2 merfolk impalers (Shoals:4)
  2 merfolk javelineers
  3 jiangshi (D:13)
  2 yaktaur captains
  3 great orbs of eyes (D:15)
  Fannar (Orc:1)
  A vault guard (D:15)
  2 catoblepae
  5 hydras
  An ogre mage (D:15)
  Erolcha (Orc:2)
  9 boulder beetles
  3 merfolk avatars
  7 two-headed ogres
  Erica (D:8)
  6 anacondas
  9 centaur warriors
  A deep troll shaman (D:15)
  A satyr (Shoals:4)
  5 naga warriors
  5 tengu warriors
  4 naga sharpshooters
  4 orc high priests (Orc:2)
  2 shock serpents
  3 thrashing horrors (Lair:5)
  A deep elf knight (D:15)
  A fire crab (Lair:5)
  2 salamander mystics
  3 skysharks
  9 sea snakes
  11 mana vipers
  3 skeletal warriors
  2 arcanists (D:14)
  8 naga ritualists
  A kraken simulacrum (Shoals:4)
  9 orc knights
  20 harpies
  Pikel (D:4)
  4 necromancers
  2 large abominations (Lair:5)
  5 deep elf pyromancers
  2 wolf spiders (D:15)
  5 orc sorcerers (Orc:2)
  10 manticores
  6 ugly things
  6 cyclopes
  Maurice (D:7)
  10 salamanders
  5 fauns
  7 meliai
  3 elephants (Lair:3)
  8 kobold blastminers
  9 merfolk sirens
  A meliai (shapeshifter) (Lair:5)
  5 water nymphs
  Joseph (D:8)
  34 black mambas
  2 guardian serpents (Snake:2)
  8 naga magi
  2 smoke demons (Lair:5)
  5 torpor snails
  A centaur zombie (D:15)
  A cane toad (shapeshifter) (Lair:5)
  A gargoyle (D:13)
  Jeremiah (Lair:1)
  2 centaur skeletons (D:15)
  10 cane toads
  Maggie (D:7)
  3 rime drakes
  A kobold demonologist (D:12)
  An unseen horror (D:11)
  An efreet (D:15)
  5 komodo dragons
  2 freezing wraiths
  2 yaktaurs (D:15)
  5 tengu conjurers
  13 merfolk
  7 trolls
  A hornet (D:8)
  12 blink frogs
  A wind drake (shapeshifter) (Lair:5)
  7 wind drakes
  A raiju (Lair:5)
  7 dream sheep (Lair:5)
  Sigmund (D:5)
  9 snapping turtles
  3 wraiths
  5 slime creatures
  59 yaks
  3 wyverns
  A culicivora (shapeshifter) (D:15)
  3 centaur simulacra (D:15)
  7 water elementals
  9 basilisks
  A shadow (D:10)
  5 vampires
  17 humans (D:14)
  7 vampire mosquitoes
  5 wargs
  A steam dragon (D:6)
  A chaos spawn (Lair:5)
  4 fire elementals (D:15)
  19 nagas
  A redback simulacrum (D:15)
  An acid dragon (D:14)
  Duvessa (D:6)
  15 water moccasins
  4 sky beasts
  A meliai simulacrum (D:15)
  3 ice beasts
  46 orc warriors
  2 laughing skulls (D:15)
  2 black bears
  19 wolves
  14 ogres
  3 boggarts (D:15)
  A crocodile (shapeshifter) (Lair:5)
  8 centaurs
  A kobold brigand (D:7)
  18 bullfrogs
  Blork the orc (D:7)
  2 gnoll sergeants (D:7)
  2 scorpions
  8 small abominations (Lair:5)
  Dowan (D:6)
  A hornet simulacrum (D:15)
  6 killer bees (D:10)
  2 vampire bats (D:8)
  6 howler monkeys
  11 electric eels
  3 lava snakes (Lair:2)
  A jelly (D:8)
  2 bombardier beetles
  3 hounds
  26 orc priests
  Crazy Yiuf (D:3)
  A gnoll bouda (D:6)
  4 iguanas
  Ijyb (D:5)
  A sleepcap (D:4)
  31 orc wizards
  Robin (D:2)
  12 gnolls
  9 adders
  A shadow imp (D:7)
  2 white imps
  4 dart slugs
  A ribbon worm (D:3)
  85 orcs
  10 endoplasms
  12 hobgoblins
  8 jackals
  12 kobolds
  5 quokkas
  3 ball pythons
  8 bats
  14 goblins
  An orc zombie (D:5)
  2 rats
  A tentacle (Shoals:4)
995 creatures vanquished.

Vanquished Creatures (collateral kills)
  Rupert (D:14)
  Azrael (D:15)
  4 merfolk impalers
  A great orb of eyes (D:15)
  4 vault guards
  A hydra (D:15)
  A rakshasa (D:15)
  A salamander tyrant (Snake:2)
  2 merfolk aquamancers (Shoals:4)
  2 centaur warriors
  2 two-headed ogres
  2 alligator snapping turtles (Shoals:4)
  A catoblepas (Lair:5)
  A merfolk avatar (Shoals:3)
  2 satyrs
  2 naga warriors
  A boulder beetle (D:11)
  A death knight (D:14)
  4 naga sharpshooters
  3 shock serpents
  A deep elf knight (D:14)
  A skyshark (Shoals:3)
  A skeletal warrior (D:12)
  3 sea snakes (Shoals:4)
  3 mana vipers
  15 harpies
  3 fauns
  A salamander (Snake:2)
  An ugly thing (D:15)
  3 elephants (Lair:3)
  5 cyclopes
  3 manticores
  A meliai (D:15)
  11 black mambas
  A water nymph (Shoals:4)
  A merfolk siren (Shoals:3)
  A naga mage (Snake:2)
  A cane toad (Lair:3)
  A komodo dragon (Lair:3)
  A hydra zombie (D:14)
  A harpy zombie (D:15)
  A wind drake (Shoals:4)
  10 merfolk
  5 blink frogs
  A raiju (Lair:5)
  3 dream sheep (Lair:5)
  A vampire (D:10)
  A shadow (D:7)
  A snapping turtle (Shoals:3)
  A spriggan (Lair:5)
  7 water elementals
  2 fire elementals (D:15)
  5 yaks
  2 basilisks (Lair:5)
  2 humans (D:14)
  A steam dragon (D:8)
  Menkaure (D:6)
  A vampire mosquito (D:15)
  9 nagas
  4 water moccasins
  4 orc warriors
  A small abomination (Lair:5)
  A wolf (Lair:3)
  A centaur (D:12)
  A bullfrog (Lair:4)
  A wight (D:7)
  2 electric eels (D:7)
  A jelly (D:7)
  3 orc priests (Orc:1)
  An orc wizard (D:10)
  A shadow imp (D:8)
  8 orcs
  A goblin (D:2)
  A hobgoblin (D:1)
  A jackal (D:1)
  3 bats (D:8)
  3 kobolds (D:7)
  An orc zombie (D:14)
  2 rats (D:1)
191 creatures vanquished.

Vanquished Creatures (others)
  A sphinx (D:15)
  A stone giant (D:14)
  An ettin (D:14)
  A yaktaur captain (D:15)
  A hydra (D:8)
  An alligator snapping turtle (Shoals:4)
  An ogre mage (D:10)
  2 boulder beetles (Lair:4)
  A sphinx zombie (D:15)
  A naga warrior (Snake:1)
  2 shock serpents (Snake:4)
  A naga sharpshooter (Snake:1)
  A fire crab (Lair:5)
  A harpy (D:14)
  A wolf spider zombie (D:15)
  An orc knight (D:9)
  2 human zombies
  A wolf spider (D:15)
  A stone giant zombie (D:14)
  2 manticores (Shoals:4)
  5 shock serpent zombies
  A water nymph (Shoals:4)
  3 mana viper zombies
  A black mamba (Lair:5)
  A cane toad (Lair:3)
  4 sea snake zombies (Shoals:4)
  2 yaktaur zombies
  A merfolk (Shoals:4)
  13 harpy zombies
  A blink frog (Lair:1)
  A snapping turtle (Shoals:4)
  A meliai zombie (D:15)
  A boulder beetle zombie (D:15)
  12 black mamba zombies
  A slime creature zombie (D:11)
  A two-headed ogre zombie (Orc:2)
  A cane toad zombie (Lair:5)
  3 water nymph zombies
  An acid dragon (D:9)
  A tengu zombie (D:12)
  A snapping turtle zombie (Shoals:4)
  A manticore zombie (Shoals:4)
  8 merfolk zombies
  An elf zombie (D:15)
  An orc warrior (D:14)
  A small abomination (Lair:5)
  2 centaurs (D:12)
  A dream sheep zombie (Lair:5)
  A wolf (Lair:5)
  A bullfrog (Lair:5)
  A wyvern zombie (D:7)
  A water moccasin zombie (Lair:3)
  4 yak zombies
  A killer bee (D:10)
  4 wolf zombies (Lair:3)
  3 bullfrog zombies
  6 centaur zombies
  A basilisk zombie (Lair:5)
  An orc priest (D:10)
  An iguana (shapeshifter) (D:10)
  An orc wizard (D:10)
  A killer bee zombie (D:10)
  2 ogre zombies (Orc:2)
  7 naga zombies
  A crocodile zombie (Lair:5)
  A sky beast zombie (D:7)
  4 howler monkey zombies
  An adder (D:10)
  A jelly zombie (D:7)
  8 orcs
  A ball python (D:9)
  A bat zombie (D:3)
  7 gnoll zombies
  A ball python zombie (D:9)
  A goblin zombie (D:10)
  A kobold (D:7)
  6 kobold zombies (D:7)
  40 orc zombies
  2 tentacles (Shoals:4)
207 creatures vanquished.

Grand Total: 1393 creatures vanquished

Notes
Turn   | Place    | Note
-------+----------+-------------------------------------------
     0 | D:1      | LobsterGuardian the Demonspawn Necromancer began the quest
                  | for the Orb.
     0 | D:1      | Reached XP level 1. HP: 13/13 MP: 3/3
   359 | D:1      | Gained mutation: You are partially covered in thin metallic
                  | scales. (AC +2) [demonic ancestry]
   359 | D:1      | Reached XP level 2. HP: 19/19 MP: 5/5
   591 | D:1      | Reached skill level 5 in Necromancy
   704 | D:1      | Reached XP level 3. HP: 22/24 MP: 0/6
  1179 | D:2      | Learned a level 3 spell: Vampiric Draining
  1287 | D:2      | Noticed Robin
  1354 | D:2      | Killed Robin
  1691 | D:2      | Reached XP level 4. HP: 30/30 MP: 3/8
  1766 | D:2      | You fall into a shaft and drop 2 floors!
  1779 | D:4      | Learned a level 4 spell: Animate Dead
  1803 | D:4      | Found Poenk's Overcharged Wands.
  1958 | D:4      | Found a sacrificial altar of Ru.
  1987 | D:4      | Found a blossoming altar of Fedhas.
  2211 | D:4      | Noticed an ogre
  2220 | D:4      | Killed an ogre
  2221 | D:4      | Gained mutation: You may rarely emit foul miasma when
                  | damaged in melee. [demonic ancestry]
  2221 | D:4      | Reached XP level 5. HP: 17/35 MP: 0/11
  2357 | D:3      | Learned a level 4 spell: Martyr's Knell
  2889 | D:2      | Gained mutation: You are somewhat resistant to further
                  | mutation. [potion of mutation]
  2889 | D:2      | Gained mutation: Your muscles are strong. (Str +4, Int/Dex
                  | -1) [potion of mutation]
  2914 | D:3      | Reached XP level 6. HP: 32/42 MP: 0/13
  3181 | D:3      | Reached skill level 6 in Necromancy
  3188 | D:3      | Reached skill level 5 in Spellcasting
  3689 | D:3      | Found a runed translucent door.
  3690 | D:3      | Noticed Crazy Yiuf
  3815 | D:3      | Killed Crazy Yiuf
  4289 | D:4      | Identified the +1 ring mail of Barug {Str+4 Dex-3}
  4317 | D:4      | Reached skill level 1 in Short Blades
  4459 | D:4      | Gained mutation: You sometimes emit foul miasma when
                  | damaged in melee. [demonic ancestry]
  4459 | D:4      | Reached XP level 7. HP: 47/47 MP: 13/15
  4617 | D:4      | Noticed Pikel
  4714 | D:4      | Killed Pikel
  4715 | D:4      | Reached skill level 1 in Fighting
  4715 | D:4      | Reached skill level 1 in Shields
  4715 | D:4      | Reached skill level 7 in Necromancy
  4930 | D:5      | Entered Level 5 of the Dungeon
  4942 | D:5      | Gained mutation: A meltable shield of frost defends you.
                  | (SH +4) [demonic ancestry]
  4942 | D:5      | Reached XP level 8. HP: 49/54 MP: 8/17
  5408 | D:5      | Noticed Sigmund
  5418 | D:5      | Noticed Ijyb
  5433 | D:5      | Killed Sigmund
  5457 | D:5      | Killed Ijyb
  5748 | D:5      | Found Soibriorru's General Store.
  5872 | D:5      | Identified 2 scrolls of acquirement
  5872 | D:5      | Acquired a +3 rapier of venom
  5884 | D:5      | Learned a level 3 spell: Fugue of the Fallen
  5890 | D:5      | Learned a level 5 spell: Curse of Agony
  5890 | D:5      | Acquired the +6 quick blade "Kixui" {freeze, rElec MP+9
                  | Str-5 Stlth+}
  5969 | D:6      | Found a staircase to the Ecumenical Temple.
  6042 | Temple   | Entered the Ecumenical Temple
  6056 | Temple   | Became a worshipper of Kikubaaqudgha
  6207 | D:6      | Noticed Duvessa
  6207 | D:6      | Noticed Dowan
  6210 | D:6      | Noticed Menkaure
  6222 | D:6      | Killed Duvessa
  6223 | D:6      | Reached skill level 8 in Necromancy
  6224 | D:6      | Killed Menkaure
  6227 | D:6      | Killed Dowan
  6504 | D:6      | Reached XP level 9. HP: 59/59 MP: 21/21
  6866 | D:6      | Reached skill level 9 in Necromancy
  6929 | D:6      | Found a stormy altar of Qazlal.
  7155 | D:7      | Noticed Blork the orc
  7157 | D:7      | Noticed a two-headed ogre
  7161 | D:7      | Killed Blork the orc
  7162 | D:7      | Reached skill level 10 in Necromancy
  7179 | D:7      | Killed a two-headed ogre
  7180 | D:7      | Reached skill level 5 in Short Blades
  7196 | D:7      | Reached skill level 11 in Necromancy
  7366 | D:7      | Found Gediho's Antique Armour Emporium.
  7372 | D:7      | Upgraded the game from 0.31.0-9-g3a7656b989 to
                  | 0.31.0-10-gcf4a605ca0
  7440 | D:7      | Gained mutation: Your hexes are more powerful. [demonic
                  | ancestry]
  7440 | D:7      | Reached XP level 10. HP: 66/66 MP: 13/22
  7450 | D:7      | Noticed Maggie
  7461 | D:7      | Killed Maggie
  7605 | D:7      | Noticed a boulder beetle
  7607 | D:7      | Noticed a boulder beetle
  7611 | D:7      | Noticed a cyclops
  7639 | D:7      | Killed a cyclops
  7671 | D:7      | Killed a boulder beetle
  7672 | D:7      | Reached skill level 1 in Summonings
  7672 | D:7      | Reached skill level 12 in Necromancy
  7844 | D:7      | Killed a boulder beetle
  7844 | D:7      | Reached * piety under Kikubaaqudgha
  7844 | D:7      | Received a gift from Kikubaaqudgha
  8118 | D:7      | Noticed Maurice
  8125 | D:7      | Maurice stole 323 gold
  8140 | D:7      | Killed Maurice
  8301 | D:7      | Got Iraess's Essays on Blows
  8386 | D:7      | Found a runed translucent door.
  8386 | D:7      | Found a runed translucent door.
  8386 | D:7      | Noticed a brown ugly thing
  8480 | D:7      | Reached skill level 13 in Necromancy
  8558 | D:8      | Learned a level 2 spell: Cigotuvi's Dreadful Rot
  8600 | D:8      | Reached skill level 5 in Dodging
  8625 | D:8      | Reached XP level 11. HP: 72/72 MP: 15/23
  8725 | D:8      | Noticed Erica
  8739 | D:8      | Killed Erica
  8973 | D:8      | Found Akigeruish's Magic Scroll Emporium.
  8990 | D:8      | Noticed Joseph
  9007 | D:8      | Killed Joseph
  9224 | D:8      | Found an opulent altar of Gozag.
  9228 | D:8      | Found a burning altar of Makhleb.
  9228 | D:8      | Found a shimmering blue altar of Sif Muna.
  9229 | D:8      | Found a broken altar of Ashenzari.
  9232 | D:8      | Found a bloodstained altar of Trog.
  9557 | D:8      | Reached skill level 14 in Necromancy
  9805 | D:9      | Found a shimmering altar of Xom.
 10038 | D:9      | Found a staircase to the Lair.
 10164 | D:9      | Found a shimmering altar of Xom.
 10327 | D:9      | Noticed a two-headed ogre
 10328 | D:9      | Killed a two-headed ogre
 10452 | D:9      | Found a radiant altar of Vehumet.
 10701 | D:10     | Entered Level 10 of the Dungeon
 10904 | D:10     | Noticed a lindwurm
 10904 | D:10     | Noticed a lindwurm
 10908 | D:10     | Noticed a lindwurm
 11278 | D:10     | Found a staircase to the Orcish Mines.
 11297 | D:10     | Noticed a two-headed ogre
 11315 | D:10     | Killed a two-headed ogre
 11316 | D:10     | Reached skill level 15 in Necromancy
 11506 | D:10     | Reached ** piety under Kikubaaqudgha
 11536 | D:10     | Noticed a lindwurm
 12402 | D:11     | Gained mutation: A meltable icy envelope protects you from
                  | harm. (AC +4) [demonic ancestry]
 12402 | D:11     | Reached XP level 12. HP: 80/80 MP: 24/24
 12696 | D:11     | Noticed a two-headed ogre
 12708 | D:11     | Killed a two-headed ogre
 12999 | D:11     | Noticed a boulder beetle
 13000 | D:11     | Noticed a boulder beetle
 13037 | D:11     | Found Iriuk's Pet Rocks.
 13037 | D:11     | Noticed a boulder beetle
 13058 | D:11     | Killed a boulder beetle
 13059 | D:11     | Killed a boulder beetle
 13067 | D:11     | Reached skill level 16 in Necromancy
 13078 | D:11     | Killed a boulder beetle
 13436 | D:11     | Noticed a two-headed ogre
 13442 | D:11     | Killed a two-headed ogre
 13729 | D:12     | Found Doteil's Distillery.
 13744 | D:12     | Identified the +0 ring mail of Wamadex {Regen+}
 14127 | D:12     | Reached skill level 10 in Short Blades
 14299 | D:12     | Found a runed translucent gate.
 14299 | D:12     | Found a runed translucent gate.
 14299 | D:12     | Found a runed translucent gate.
 14299 | D:12     | Noticed BobJudy's ghost (journeyman MiMo)
 14317 | D:12     | Identified the +2 robe "Naasih" {rN+ Int+3}
 14594 | D:12     | Reached skill level 17 in Necromancy
 14942 | D:13     | Noticed a tengu warrior
 14979 | D:12     | Gained mutation: You have a small tail. [demonic ancestry]
 14979 | D:12     | Reached XP level 13. HP: 80/85 MP: 17/25
 15083 | Lair:1   | Entered Level 1 of the Lair of Beasts
 15143 | Lair:1   | Reached skill level 5 in Shields
 15159 | Lair:1   | Noticed Jeremiah
 15163 | Lair:1   | Killed Jeremiah
 15935 | Lair:2   | Lost mutation: Your muscles are strong. (Str +4, Int/Dex
                  | -1) [potion of mutation]
 15935 | Lair:2   | Lost mutation: You are somewhat resistant to further
                  | mutation. [potion of mutation]
 15935 | Lair:2   | Gained mutation: You are resistant to electric shocks.
                  | (rElec) [potion of mutation]
 15935 | Lair:2   | Gained mutation: You passively map a small area around you.
                  | [potion of mutation]
 15935 | Lair:2   | Gained mutation: You are somewhat resistant to further
                  | mutation. [potion of mutation]
 16221 | Lair:2   | Reached *** piety under Kikubaaqudgha
 16221 | Lair:2   | Received a gift from Kikubaaqudgha
 16617 | Lair:2   | Found a staircase to the Snake Pit.
 16743 | Lair:2   | Found a blossoming altar of Fedhas.
 17130 | Lair:3   | Learned a level 4 spell: Dispel Undead
 17879 | Lair:4   | Found a viscous altar of Jiyva.
 17881 | Lair:4   | Found a staircase to the Slime Pits.
 18277 | Lair:5   | Entered Level 5 of the Lair of Beasts
 18289 | Lair:5   | Gained mutation: You are mostly covered in thin metallic
                  | scales. (AC +3) [demonic ancestry]
 18289 | Lair:5   | Reached XP level 14. HP: 96/96 MP: 26/26
 18306 | Lair:5   | Reached **** piety under Kikubaaqudgha
 18307 | Lair:5   | Reached skill level 5 in Fighting
 18455 | Lair:5   | Reached skill level 18 in Necromancy
 19036 | Lair:5   | Found a corrupted altar of Lugonu.
 19036 | Lair:5   | Found a one-way gate to the infinite horrors of the Abyss.
 19048 | Lair:5   | Identified the ring of Ciolor {rElec Will+}
 19174 | Lair:5   | Reached ***** piety under Kikubaaqudgha
 20364 | D:13     | Reached skill level 10 in Dodging
 21412 | D:13     | Found an ancient bone altar of Kikubaaqudgha.
 21412 | D:13     | Noticed a vampire knight
 21414 | D:13     | Killed a vampire knight
 21567 | D:13     | Found Rushagovi's Weapon Shoppe.
 21897 | D:14     | Noticed Rupert
 21910 | D:14     | Killed Rupert
 22116 | D:14     | Gained mutation: You have a tail ending in a sharp stinger.
                  | [demonic ancestry]
 22116 | D:14     | Reached XP level 15. HP: 105/105 MP: 27/27
 22396 | D:14     | Noticed Jorgrun
 22404 | D:14     | Killed Jorgrun
 22404 | D:14     | Your ally Rupert died
 22405 | D:14     | Reached skill level 19 in Necromancy
 23047 | D:14     | Found a gate to the Vaults.
 23342 | D:15     | Entered Level 15 of the Dungeon
 23632 | D:15     | Identified the ring of Tulov {rCorr Int+3}
 23642 | D:15     | Learned a level 5 spell: Borgnjor's Vile Clutch
 23856 | D:15     | Noticed Azrael
 23866 | D:15     | Killed Azrael
 24341 | D:15     | Found a transporter.
 24408 | D:15     | Found an ancient bone altar of Kikubaaqudgha.
 24564 | D:15     | Reached skill level 10 in Spellcasting
 24599 | D:15     | Found a transporter.
 24619 | D:15     | Reached skill level 20 in Necromancy
 24899 | D:15     | Found an ancient bone altar of Kikubaaqudgha.
 24899 | D:15     | Noticed a fire giant
 24905 | D:15     | Killed a fire giant
 25208 | D:15     | Identified the ring of the Changing Gods {Fire Str+4}
 25411 | D:15     | Identified the +1 robe "Ycusiumo" {Str+4}
 25444 | D:15     | Gained mutation: You are completely covered in thin
                  | metallic scales. (AC +4, rElec) [demonic ancestry]
 25444 | D:15     | Reached XP level 16. HP: 102/113 MP: 30/30
 25450 | D:15     | Lost mutation: You passively map a small area around you.
                  | [potion of mutation]
 25450 | D:15     | Lost mutation: You are somewhat resistant to further
                  | mutation. [potion of mutation]
 25450 | D:15     | Lost mutation: You are resistant to electric shocks.
                  | (rElec) [potion of mutation]
 25450 | D:15     | Gained mutation: You are partially covered in large bone
                  | plates. (SH +4) [potion of mutation]
 25450 | D:15     | Gained mutation: You have a pair of small horns on your
                  | head. [potion of mutation]
 25450 | D:15     | Gained mutation: You have large cloven feet. [potion of
                  | mutation]
 25450 | D:15     | Gained mutation: You are mostly covered in large bone
                  | plates. (SH +6) [potion of mutation]
 26156 | D:15     | Found a snail-covered altar of Cheibriados.
 26180 | D:15     | Found a staircase to the Depths.
 26223 | D:15     | Identified the ring "Vest" {^Drain rN+ Will+ Int+5}
 26835 | Orc:1    | Entered Level 1 of the Orcish Mines
 26835 | Orc:1    | Noticed Fannar
 26855 | Orc:1    | Killed Fannar
 26856 | Orc:1    | Reached skill level 21 in Necromancy
 27141 | Orc:1    | Reached ****** piety under Kikubaaqudgha
 27335 | Orc:2    | Entered Level 2 of the Orcish Mines
 27659 | Orc:2    | Paralysed by an orc sorcerer for 2 turns
 28328 | Orc:2    | Noticed Erolcha
 28333 | Orc:2    | Killed Erolcha
 28443 | Orc:2    | Found Hipn's Jewellery Boutique.
 28464 | Orc:2    | Found Yloel's Armour Shop.
 28806 | Orc:2    | Found a staircase to the Elven Halls.
 28874 | Orc:2    | Found Wiom's Book Boutique.
 28998 | Orc:2    | Found Oshros's Weapon Emporium.
 29256 | Shoals:1 | Entered Level 1 of the Shoals
 29855 | Shoals:2 | Noticed Ilsuiw
 29912 | Shoals:2 | Killed Ilsuiw
 30314 | Shoals:2 | Reached skill level 22 in Necromancy
 30324 | Shoals:2 | Reached skill level 1 in Earth Magic
 30324 | Shoals:2 | Gained mutation: You have a sharp stinger which inflicts
                  | weakening toxins. [demonic ancestry]
 30324 | Shoals:2 | Reached XP level 17. HP: 119/120 MP: 6/31
 31750 | Shoals:3 | Found a runed translucent door.
 31751 | Shoals:3 | Found a shimmering altar of Xom.
 31751 | Shoals:3 | Noticed case's ghost (adept MiBe)
 31972 | Shoals:3 | Upgraded the game from 0.31.0-10-gcf4a605ca0 to
                  | 0.31.0-11-ge490571c62
 31985 | Shoals:4 | Entered Level 4 of the Shoals
 31993 | Shoals:4 | Received a gift from Kikubaaqudgha (forbidden knowledge)
 32101 | Shoals:4 | HP: 5/120 [alligator snapping turtle (36)]
 33042 | Shoals:4 | Got a barnacled rune of Zot
 33228 | Shoals:4 | Identified the +1 dagger of the Special Spirits {freeze,
                  | rElec}
 33851 | Shoals:4 | Reached skill level 23 in Necromancy
 34206 | Snake:1  | Entered Level 1 of the Snake Pit
 34320 | Snake:1  | Found Wuopper's Neck Hole.
 34506 | Snake:1  | Gained mutation: You frequently emit foul miasma when
                  | damaged in melee. [demonic ancestry]
 34506 | Snake:1  | Reached XP level 18. HP: 122/128 MP: 32/32
 34960 | Snake:1  | Reached skill level 10 in Shields
 37728 | Snake:3  | Reached skill level 5 in Stealth
 38482 | D:7      | Bought a fine ring mail for 306 gold pieces
 38482 | D:7      | Identified the +2 ring mail of the Trees {rC+ Regen+ SInv}
                  | (You bought it in a shop on level 7 of the Dungeon)
 39092 | Snake:4  | Entered Level 4 of the Snake Pit
 39135 | Snake:4  | HP: 5/130 [constriction (4)]
 39137 | Snake:4  | HP: 2/130 [nagaraja/splash of poison (19)]
 39137 | Snake:4  | Constricted to death by a nagaraja

Illustrated notes

Levels and vault maps discovered:
D:1:      co_arrival_random_square_maze, layout_basic
D:2:      layout_basic, uniq_robin
D:3:      layout_rooms, elyvilon_altar_1, hangedman_abyss_or_decor_lesser_grid,
          kennysheep_generic_room_9, uniq_crazy_yiuf_cottage
D:4:      layout_gridville, nicolae_overflow_squiral,
          nicolae_shop_overcharged_wands, uniq_pikel
D:5:      layout_basic, serial_shops, nicolae_shop_real_fake_doors, uniq_ijyb,
          uniq_sigmund
D:6:      layout_loops_ring, grunt_qazlal_clouds, minmay_temple_entry_overgrown,
          uniq_duvessa, uniq_menkaure
D:7:      minmay_the_grid_four_pointed_star [minmay_the_grid_triangle_9x9_sprig,
          minmay_the_grid_triangle_9x9_tough_junction,
          minmay_the_grid_triangle_9x9_minimal,
          minmay_the_grid_triangle_9x9_dagger,
          minmay_the_grid_prize_shrinking_boxes], layout_cave_pools,
          serial_shops, nicolae_diamond_shop, minivault_14, sword_in_stone,
          uniq_maurice, uniq_maggie
D:8:      layout_basic, minitemple, serial_shops, shop, roderic_batcave,
          uniq_erica, uniq_joseph
D:9:      layout_long_grid, lemuel_tele_altar, david_lair_generic,
          hangedman_feature_mirror, kennysheep_dice
D:10:     layout_stronghold, minmay_orc_entry_temple_large, grunt_ministairs_14,
          minmay_lindwurm_lava
D:11:     layout_stronghold, guppyfry_shop_earth
D:12:     layout_loops_cross, ebering_ghost_rock_garden, serial_shops, shop
D:13:     layout_basic, serial_shops, shop, nicolae_nh_vlads_tower
D:14:     layout_loops_ring, grunt_vaults_entry_tiered, uniq_rupert,
          uniq_jorgrun
D:15:     hangedman_spin_cycle
Temple:   grunt_temple_mini_profane
Lair:1:   layout_roguey, dpeg_stationary_puzzle, infiniplex_staircase_pool,
          uniq_jeremiah
Lair:2:   layout_chaotic_city, nicolae_shoals_entry_flooding,
          nicolae_snake_entry_warm_welcome, tgw_fedhas, serial_bayou_shore_a
Lair:3:   layout_big_grid, grunt_megastairs_2
Lair:4:   layout_roguey, dpeg_slime_entry_corner
Lair:5:   hellmonk_lair_end_abyssal_woods, layout_gridlike, grunt_megastairs_5
Shoals:1: layout_shoals
Shoals:2: layout_shoals, uniq_ilsuiw
Shoals:3: layout_shoals, ebering_ghost_xom, nicolae_shoals_former_cling_halls
Shoals:4: shoals_end_grunt_ice, layout_shoals
Snake:1:  layout_layer_cave, nicolae_shop_sticking_my_neck_out
Snake:2:  layout_grid_maze
Snake:3:  layout_cave_town
Snake:4:  snake_pit, layout_chambers, serial_library_hellmonk_filled_rooms,
          nicolae_triple_integral, uniq_vashnia, uniq_roxanne
Orc:1:    layout_caves, basic_altar, uniq_fannar
Orc:2:    pubby_orc_utopia, serial_shops, uniq_erolcha

Skill      XL: |  1  2  3  4  5  6  7  8  9 10 11 12 13 14 15 16 17 18 |
---------------+-------------------------------------------------------+-----
Necromancy     | 5 6 7 8 11 13 15 17 18 20 22 23 | 23.7
Spellcasting   | 3 4 5 6 8 10 | 10.9
Dodging        | 2 3 4 5 6 7 9 10 11 12 13 | 13.8
Short Blades   | 1 2 3 5 7 9 11 13 14 | 14.0
Fighting       | 1 2 3 4 5 6 7 8 |  8.4
Shields        | 1 2 3 4 5 6 7 9 10 | 10.3
Stealth        | 2 3 4 5 |  5.0
Summonings     | 1 2 3 |  3.1
Earth Magic    | 1 3 4 |  4.3
Armour         | |  0.3

Action                     |  1- 3 |  4- 6 |  7- 9 | 10-12 | 13-15 | 16-18 || total
---------------------------+-------+-------+-------+-------+-------+-------++-------
  Melee: Short sword       |    47 |    52 |       |       |       |       ||    99
         Unarmed           |     1 |       |    18 |       |       |       ||    19
         Dagger            |       |    18 |    43 |       |       |       ||    61
         Punch             |       |     1 |       |       |       |       ||     1
         Quick blade       |       |       |    69 |   663 |  1442 |  1653 ||  3827
         Tailslap          |       |       |       |       |   310 |   362 ||   672
         Headbutt          |       |       |       |       |       |   482 ||   482
   Cast: Necrotise         |    59 |    91 |    47 |    17 |     6 |     3 ||   223
         Vampiric Draining |     3 |    20 |    59 |   118 |    81 |   239 ||   520
         Animate Dead      |       |     4 |     5 |     6 |    10 |    19 ||    44
         Martyr's Knell    |       |       |     4 |    16 |    11 |    20 ||    51
         Fugue of the Fall |       |       |     4 |    10 |    26 |    34 ||    74
         Cigotuvi's Dreadf |       |       |       |     2 |       |       ||     2
         Dispel Undead     |       |       |       |       |     5 |     4 ||     9
         Borgnjor's Vile C |       |       |       |       |    11 |   140 ||   151
         Curse of Agony    |       |       |       |       |     3 |    15 ||    18
 Invoke: Unearth Wretches  |       |       |       |     6 |     7 |     8 ||    21
         Receive Forbidden |       |       |       |       |       |     1 ||     1
  Evoke: Phantom mirror    |       |       |       |     1 |     1 |       ||     2
    Use: Scroll            |     2 |     4 |     7 |     8 |     9 |     6 ||    36
         Potion            |     2 |     1 |       |     5 |     3 |    15 ||    26
   Stab: Sleeping          |     3 |     3 |     4 |    15 |    39 |    19 ||    83
         Confused          |       |       |     1 |       |       |       ||     1
         Paralysed         |       |       |       |    10 |    12 |    14 ||    36
         Distracted        |       |       |       |     1 |    10 |    10 ||    21
         Invisible         |       |       |       |     3 |       |       ||     3
         Petrified         |       |       |       |       |     2 |       ||     2
 Armour: Robe              |    36 |    76 |   126 |   212 |   429 |   510 ||  1389
         Skin              |       |       |     2 |       |       |       ||     2
         Ring mail         |       |       |       |       |       |    15 ||    15
  Dodge: Dodged            |    39 |    94 |   101 |   210 |   388 |   605 ||  1437
  Block: Buckler           |       |    12 |    70 |   242 |   465 |   943 ||  1732
